 Dungeon Crawl Stone Soup version 0.29-a0-414-g5075937ec3 (webtiles) character file.

Game seed: 7664060725188695670

28 jlumianski the Skirmisher (level 2, -1/24 HPs)
             Began as a Demonspawn Fighter on May 15, 2022.
             Succumbed to an adder's poison
             ... on level 2 of the Dungeon.
             The game lasted 00:03:09 (1342 turns).

jlumianski the Skirmisher (Demonspawn Fighter)      Turns: 1342, Time: 00:03:09

Health: -1/24      AC:  8    Str: 16    XL:     2   Next: 96%
Magic:  2/2        EV:  8    Int:  9    God:
Gold:   40         SH:  4    Dex: 12    Spells: 1/1 levels left

rFire   . . .      SeeInvis .   a - +0 war axe
rCold   . . .      Faith    .   c - +0 buckler
rNeg    . . .      Spirit   .   b - +0 scale mail
rPois   .          Reflect  .   (no helmet)
rElec   .          Harm     .   (no cloak)
rCorr   .          Rampage  .   (no gloves)
Will    .....                   (no boots)
Stlth   ..........              (no amulet)
HPRegen 0.08/turn               (no ring)
MPRegen 0.08/turn               (no ring)

@: lethally poisoned (-1 -> -9)
A: molten scales 1
a: no special abilities


You were on level 2 of the Dungeon.
You visited 1 branch of the dungeon, and saw 2 of its levels.

You collected 40 gold pieces.

Inventory:

Hand Weapons
 a - a +0 war axe (weapon)
Missiles
 i - a stone (quivered)
Armour
 b - a +0 scale mail (worn)
 c - a +0 buckler (worn)
Jewellery
 f - a ring of protection from fire
Scrolls
 e - a scroll of identify {unknown}
 g - a scroll of teleportation {unknown}
 h - a scroll of blinking {unknown}
 k - 2 scrolls of fear {unknown}
Potions
 d - a potion of might
 j - a potion of attraction {unknown}


   Skills:
 + Level 3.5 Fighting
 + Level 2.2 Axes
 + Level 2.8 Armour
 + Level 0.1 Stealth
 + Level 2.8 Shields


You had one spell level left.
You didn't know any spells.
Your spell library contained the following spells:

 Spells                   Type           Power      Damage    Failure   Level
 Foxfire                  Conj/Fire      0%         2x1d4     88%         1
 Conjure Flame            Conj/Fire      0%         6-21      99%         3
 Inner Flame              Hex/Fire       0%         N/A       99%         3
 Flame Wave               Conj/Fire      0%         2d4       100%        4


Dungeon Overview and Level Annotations

Branches:
Dungeon (1/15)

Altars:


Innate Abilities, Weirdness & Mutations

You are partially covered in molten scales. (AC +2)


Message History

You closely miss the adder.
You feel sick. The adder completely misses you.
You hit the adder.
The adder is moderately wounded.
You feel sick. The adder closely misses you. The adder completely misses you.
You closely miss the adder.
The adder is moderately wounded.
You feel sick. The adder bites you.
You are more poisoned.
The adder poisons you! The adder bites you but does no damage.
You miss the adder.
The adder is moderately wounded.
You feel sick. You block the adder's attack.
The adder bites you but does no damage.
You hit the adder.
The adder is moderately wounded.
You feel sick.
The adder bites you but does no damage. x2
You completely miss the adder.
The adder is moderately wounded.
You feel sick. The adder bites you but does no damage. The adder bites you.
* * * LOW HITPOINT WARNING * * *
You closely miss the adder.
The adder is moderately wounded.
You feel sick. You block the adder's attack. x2
You miss the adder.
The adder is moderately wounded.
You feel sick.
You are no longer poisoned.
You block the adder's attack. The adder bites you but does no damage.
You miss the adder.
The adder is moderately wounded.
The adder bites you but does no damage.
You closely miss the adder.
The adder is moderately wounded.
The adder closely misses you. The adder bites you.
* * * LOW HITPOINT WARNING * * *
You are lethally poisoned!
The adder poisons you!
You slash the adder!
You kill the adder!
You die...

##### #...#### #########
#......#########....g...
#..............#g#
##.....#######.#.#
..).....######.#@#
.............#.#.######
#.......####...)......##
##................##...#
##....########.#..# ..#
##.#.## #†#..##...#
#...### #.#........
......# ####.#........
#...#.# #........)....


You could see a hobgoblin.

Vanquished Creatures
  An adder (D:2)
  A dart slug (D:1)
  3 endoplasms (D:1)
  2 giant cockroaches (D:1)
  2 goblins
  6 hobgoblins
  A quokka (D:1)
  A ball python (D:1)
  A bat (D:1)
  A frilled lizard (D:1)
  3 kobolds (D:1)
  2 rats
24 creatures vanquished.

Notes
Turn   | Place    | Note
-------+----------+-------------------------------------------
     0 | D:1      | jlumianski the Demonspawn Fighter began the quest for the
                  | Orb.
     0 | D:1      | Reached XP level 1. HP: 18/18 MP: 1/1
   640 | D:1      | Gained mutation: You are partially covered in molten
                  | scales. (AC +2) [demonic ancestry]
   640 | D:1      | Reached XP level 2. HP: 24/24 MP: 2/2
  1142 | D:1      | You fall into a shaft and drop 1 floor!
  1342 | D:2      | Succumbed to an adder's poison

Illustrated notes

Levels and vault maps discovered:
D:1:      dpeg_arrival_connections, layout_loops_corners
D:2:      minmay_recursive_quarters, layout_loops_ring,
          nicolae_ecumenical_pavilion

Skill      XL: |  1 |
---------------+----+-----
Axes           | 2 |  2.2
Fighting       | |  3.5
Armour         | |  2.8
Stealth        | |  0.1
Shields        | |  2.8

Action                   || total
-------------------------++-------
Melee: War axe           ||    79
Armor: Scale mail        ||    47
Dodge: Dodged            ||    35
Block: Buckler           ||    18

Table legend: (Time is in decaauts)
 A = Elapsed time spent in this place.
 B = Non-inter-level travel time spent in this place.
 C = Inter-level travel time spent in this place.
 D = Time resting spent in this place.
 E = Time spent auto-exploring this place.
 F = Levels seen in this place.
 G = Mean time per level.
                   A        B        C        D        E       F      G
               +--------+--------+--------+--------+--------+-----+--------+
         Total |   1375 |   1375 |      0 |    258 |    758 |   2 |  687.5 |
       Dungeon |   1375 |   1375 |      0 |    258 |    758 |   2 |  687.5 |
               +--------+--------+--------+--------+--------+-----+--------+

Top non-repeatable levels by time:
     D:1: 1166 daAuts
     D:2: 208 daAuts
